 Dungeon Crawl Stone Soup version 0.22-a0-803-gd6d8abeff0 (webtiles) character file.

183 PikkenKukken the Skirmisher (level 5, -2/42 HPs)
             Began as a Demonspawn Fighter on July 22, 2018.
             Slain by a hobgoblin
             ... wielding the +11 war axe of Demonkind {chop, *Drain rElec rF+}
              (16 damage)
             ... on level 3 of the Dungeon.
             The game lasted 00:07:18 (3107 turns).

PikkenKukken the Skirmisher (Demonspawn Fighter)    Turns: 3107, Time: 00:07:18

Health: -2/42      AC:  6    Str: 17    XL:     5   Next: 35%
Magic:  0/5        EV:  7    Int:  9    God:
Gold:   125        SH:  9    Dex: 13    Spells: 4/4 levels left

rFire    . . .     SeeInvis .   a - +1 rapier
rCold    . . .     Gourm    .   c - +0 shield
rNeg     . . .     Faith    .   b - +0 scale mail
rPois    .         Spirit   +   (no helmet)
rElec    .         Reflect  .   (no cloak)
rCorr    .         Harm     .   (no gloves)
MR       .....     Rnd*Tele +   (no boots)
Stlth    ..........             (no amulet)
HPRegen  0.14/turn              j - ring of teleportation (curse)
MPRegen  0.09/turn              (no ring)

@: no status effects
A: powered by death 1, magic shield
a: no special abilities


You were on level 3 of the Dungeon.
You were hungry.

You visited 1 branch of the dungeon, and saw 4 of its levels.

You collected 125 gold pieces.

Inventory:

Hand Weapons
 a - a +1 rapier (weapon)
Armour
 b - a +0 scale mail (worn)
 c - a +0 shield (worn)
Jewellery
 j - a cursed ring of teleportation (left hand)
Wands
 l - a wand of enslavement (16)
 p - a wand of disintegration (8)
Scrolls
 k - a scroll of amnesia
Potions
 d - a potion of might
 e - a potion of resistance
 g - 2 potions of magic
 h - a potion of invisibility {unknown}
 m - a potion of degeneration {unknown}
Comestibles
 f - 6 rations


   Skills:
 + Level 4.0 Fighting
 + Level 2.8 Short Blades
 + Level 3.5 Armour
 + Level 3.5 Shields
 + Level 0.9 Evocations


You had 4 spell levels left.
You didn't know any spells.
Your spell library was empty.

Dungeon Overview and Level Annotations

Branches:
Dungeon (4/15)
 Temple: D:4-7

Altars:

Shops:
D:4 ?

Annotations:
D:4 Ijyb


Innate Abilities, Weirdness & Mutations

You regenerate a little health from kills.
When hurt, damage is shared between your health and your magic reserves.


Message History

You see here a goblin corpse.
Items here: ))) † an uncursed dagger; an uncursed hunting sling; a club; a goblin corpse The hobgoblin hits you with a sapphire war axe {chop}!
Items here: ( ))))))))))) [[ †††††† You closely miss the hobgoblin.
The hobgoblin hits you with a sapphire war axe {chop}!
You closely miss the hobgoblin. You block the hobgoblin's attack.
Okay, then.
You closely miss the hobgoblin.
The hobgoblin hits you with a sapphire war axe {chop}.
* * * LOW HITPOINT WARNING * * *
x2 You closely miss the hobgoblin.
The hobgoblin hits you but does no damage.
You barely miss the hobgoblin.
The hobgoblin hits you with a sapphire war axe {chop}.
* * * LOW HITPOINT WARNING * * *
x2 It was a potion of curing.
You feel better.
The hobgoblin hits you with a sapphire war axe {chop}!
You die...

##.#.# #.#
#...##
#.#.# #.#.#
#.#####
#.#.#
#.#..# #..
#.#.# ..#
..# #..
#.... .#
..# #..
###.# ..#..
... #g#
##.#####@##
#..[...<).#
#.%#####†.#
#...# ##..#
#..# ....
#..## #
#..# #


You could see a hobgoblin.

Vanquished Creatures
  A crimson imp (D:4)
  Robin (D:3)
  2 adders (D:2)
  3 gnolls (D:2)
  A shadow imp (D:3)
  An ooze (D:1)
  3 worms
  2 leopard geckos
  6 bats
  3 giant cockroaches
  8 hobgoblins
  A quokka (D:3)
  A ball python (D:2)
  15 goblins
  13 kobolds
  2 rats (D:1)
63 creatures vanquished.

Notes
Turn   | Place    | Note
-------+----------+-------------------------------------------
     0 | D:1      | PikkenKukken the Demonspawn Fighter began the quest for the Orb.
     0 | D:1      | Reached XP level 1. HP: 18/18 MP: 1/1
   242 | D:1      | Gained mutation: You regenerate a little health from kills. [demonic ancestry]
   242 | D:1      | Reached XP level 2. HP: 24/24 MP: 2/2
   954 | D:2      | Reached XP level 3. HP: 26/29 MP: 3/3
  1442 | D:2      | You fall through a shaft for 2 floors!
  1502 | D:4      | Found Hicyrph's Magic Scroll Boutique.
  1610 | D:4      | Gained mutation: When hurt, damage is shared between your health and your magic reserves. [demonic ancestry]
  1610 | D:4      | Reached XP level 4. HP: 33/37 MP: 4/4
  1635 | D:4      | Noticed Ijyb
  2647 | D:2      | Reached XP level 5. HP: 9/42 MP: 2/5
  3002 | D:3      | Noticed Robin
  3077 | D:3      | Reached skill level 4 in Fighting
  3097 | D:3      | Killed Robin
  3107 | D:3      | Identified the +11 war axe of Demonkind {chop, *Drain rElec rF+}
  3107 | D:3      | Slain by a hobgoblin

Vault maps used:
D:1:      mainiacjoe_arrival_reflecting_pool
D:2:      first_ration, minmay_goblin_kobold_house
D:3:      minmay_diamond_boxcup, trog_wizard, uniq_robin, uniq_natasha,
          uniq_grinder
D:4:      serial_shops, shop, nicolae_shop_waterfront, nemelex_altar_shiori,
          uniq_ijyb

Skill      XL: |  1  2  3  4  5 |
---------------+----------------+-----
Short Blades   | 2 |  2.8
Armour         | 3 |  3.5
Shields        | 3 |  3.5
Fighting       | 4 |  4.0
Evocations     | |  0.9

Action                   |  1- 3 |  4- 6 || total
-------------------------+-------+-------++-------
Melee: Rapier            |   189 |   140 ||   329
  Use: Scroll            |     4 |     3 ||     7
       Potion            |       |     1 ||     1
 Stab: Distracted        |       |     1 ||     1
  Eat: Chunk             |     2 |     5 ||     7
Armor: Scale mail        |    73 |    44 ||   117
Dodge: Dodged            |    64 |    35 ||    99
Block: Shield            |    86 |    82 ||   168

Table legend:
 A = Spawn XP
 B = Non-spawn XP
 C = Spawn XP percentage of total XP
 D = Spawn monster count
 E = Non-spawn monster count
 F = Spawn count percentage of total count
 G = Total turns spent on level
                    A         B        C        D         E        F      G
               +---------+---------+-------+---------+---------+-------+---------
         Total |       0 |     262 |   0.0 |       0 |      63 |   0.0 |  3107
               +---------+---------+-------+---------+---------+-------+---------
           D:1 |       0 |      23 |   0.0 |       0 |      11 |   0.0 |  1310
           D:2 |       0 |     109 |   0.0 |       0 |      25 |   0.0 |  1176
           D:3 |       0 |      75 |   0.0 |       0 |      25 |   0.0 |   425
           D:4 |       0 |      55 |   0.0 |       0 |       2 |   0.0 |   196
               +---------+---------+-------+---------+---------+-------+---------
